 Dungeon Crawl Stone Soup version 0.24.1-5-g77f818bfca (webtiles) character file.

Game seed: 10872705358303784649, levelgen mode: deterministic

15583 Otrantor the Warrior (level 12, -17/122 HPs)
             Began as a Hill Orc Fighter on Apr 24, 2020.
             Was a Priest of Elyvilon.
             Demolished by a two-headed ogre
             ... wielding a +0 giant club
              (22 damage)
             ... on level 2 of the Orcish Mines on Apr 25, 2020.
             The game lasted 00:58:13 (12546 turns).

Otrantor the Warrior (Hill Orc Fighter)            Turns: 12546, Time: 00:58:15

Health: -17/122    AC: 14    Str: 24    XL:     12   Next: 28%
Magic:  4/12       EV:  7    Int:  8    God:    Elyvilon [***...]
Gold:   1497       SH: 14    Dex: 10    Spells: 9/11 levels left

rFire    . . .     SeeInvis .   Y - +5 hand axe (elec)
rCold    + . .     Gourm    .   F - +0 large shield
rNeg     . . .     Faith    .   I - +4 ring mail {rC+}
rPois    .         Spirit   .   (no helmet)
rElec    .         Reflect  .   (no cloak)
rCorr    +         Harm     .   (no gloves)
MR       .....                  (no boots)
Stlth    +.........             (no amulet)
HPRegen  0.30/turn              m - +5 ring of protection
MPRegen  0.13/turn              o - ring of resist corrosion

@: protection
A: no striking features
a: Lesser Healing, Heal Other, Purification, Divine Protection, Renounce
Religion


You were on level 2 of the Orcish Mines.
You worshipped Elyvilon.
Elyvilon was most pleased with you.
You were not hungry.

You visited 3 branches of the dungeon, and saw 14 of its levels.

You collected 1497 gold pieces.

Inventory:

Hand Weapons
 a - a +2 war axe
 x - a +4 halberd
 C - a +1 dagger of electrocution
 R - a +1 mace of protection
 U - a +2 flail of crushing
 Y - a +5 hand axe of electrocution (weapon)
Armour
 E - a +1 leather armour of fire resistance
 F - a +0 large shield (worn)
 H - a +2 leather armour of cold resistance
 I - a +4 ring mail of cold resistance (worn)
Jewellery
 b - an uncursed amulet of the gourmand {unknown}
 m - a +5 ring of protection (left hand)
 o - a ring of resist corrosion (right hand)
 O - a +1 ring of evasion {unknown}
Wands
 z - a wand of acid (7)
 K - a wand of iceblast (13)
 W - a wand of flame (10)
Scrolls
 c - 3 scrolls of brand weapon
 h - 3 scrolls of magic mapping
 i - 2 scrolls of immolation
 n - 9 scrolls of teleportation
 p - 3 scrolls of fog
 q - 2 scrolls of amnesia
 t - a scroll of fear
 A - 5 scrolls of blinking
 L - 2 scrolls of random uselessness
 M - 2 scrolls of remove curse
 V - 2 scrolls of identify
Potions
 d - 3 potions of might
 g - 2 potions of heal wounds
 l - 2 potions of invisibility {unknown}
 r - 6 potions of curing
 s - a potion of haste
 v - 2 potions of magic {unknown}
 D - 2 potions of mutation {unknown}
 G - a potion of lignification {unknown}
 J - 2 potions of agility {unknown}
 S - a potion of ambrosia {unknown}
 T - 2 potions of cancellation {unknown}
 X - a potion of brilliance {unknown}
Miscellaneous
 y - a phial of floods
 Q - a crystal ball of energy
Comestibles
 f - 19 rations


   Skills:
 * Level 16.1 Fighting
 - Level 16.0 Axes
 - Level 3.3 Armour
 - Level 2.2 Dodging
 + Level 2.6 Stealth
 - Level 3.3 Shields
 - Level 1.0 Invocations


You had 9 spell levels left.
You knew the following spells:

 Your Spells              Type           Power        Failure   Level  Hunger
a - Blink                 Tloc           N/A          100%        2    ###....

Your spell library contained the following spells:

 Spells                   Type           Power        Failure   Level  Hunger
 Animate Skeleton         Necr           N/A          100%        1    ##.....
 Apportation              Tloc           #.....       100%        1    ##.....
 Confusing Touch          Hex            #.....       100%        1    ##.....
 Magic Dart               Conj           #...         100%        1    ##.....
 Summon Small Mammal      Summ           #...         100%        1    ##.....
 Call Imp                 Summ           #.......     100%        2    ###....
 Slow                     Hex            #.......     100%        2    ###....
 Call Canine Familiar     Summ           #.......     100%        3    ####...
 Conjure Flame            Conj/Fire      #.......     100%        3    ####...
 Mephitic Cloud           Conj/Pois/Air  #.......     100%        3    ####...
 Summon Guardian Golem    Hex/Summ       #.......     100%        3    ####...
 Summon Ice Beast         Ice/Summ       #.......     100%        4    #####..
 Summon Lightning Spire   Summ/Air       #.......     100%        4    #####..


Dungeon Overview and Level Annotations

Branches:
Dungeon (11/15)            Temple (1/1) D:5            Lair (0/6) D:8
    Orc (2/2) D:11
    Elf: Orc:2

Altars:
Ashenzari
Cheibriados
Dithmenos
Elyvilon
Fedhas
Gozag
Hepliaklqana
Kikubaaqudgha
Makhleb
Nemelex Xobeh
Okawaru
Qazlal
Ru
Sif Muna
Trog
Uskayaw
Vehumet
Wu Jian
Xom
Yredelemnul
Zin
The Shining One
Lugonu

Shops:
D:11 *   Orc:2 }=

Portals:
Trove: D:11 (give 15 scrolls of teleportation)


Message History

The troll claws you!
* * * LOW HITPOINT WARNING * * *
The troll claws you.
* * * LOW HITPOINT WARNING * * *
The warg bites you but does no damage.
You completely miss the warg.
The warg is lightly wounded.
You slash the cyclops! You hit the ogre. You barely miss the troll.
You barely miss the two-headed ogre. The cyclops hits you!
* * * LOW HITPOINT WARNING * * *
You block the warg's attack.
Okay, then.
Unknown command.
You beseech Elyvilon to protect your life.
You block the troll's attack. x2; The troll claws you!
* * * LOW HITPOINT WARNING * * *
The ogre barely misses you.
The two-headed ogre hits you but does no damage.
The two-headed ogre hits you with a +0 giant spiked club!!
You die...

...## ##....)..)####....
...#.##..........##.....
......#...........).....
#..........#...........#
#..........##.#.......##
...#.....######.......##
#......# ###...###
##..O.## #....# #..T@#
###### ##.OhC# ##.T.#
..... .#..... .........
## ∩..O...# ......∩.#


You could see a two-headed ogre, a cyclops, 2 trolls, a warg and 2 ogres.

Vanquished Creatures
  Erica (D:8)
  3 two-headed ogres
  An orc high priest (Orc:1)
  An orc knight (Orc:1)
  The ghost of markt42 the Cudgeler, a novice GrFi of Okawaru (D:5)
  A kobold demonologist (D:11)
  7 trolls
  Grinder (D:5)
  3 hippogriffs
  5 yaks
  A wyvern (D:8)
  2 hungry ghosts
  Menkaure (D:7)
  2 wargs (Orc:1)
  Duvessa (D:5)
  14 orc warriors
  4 ice beasts
  A sky beast (D:6)
  A necrophage (D:11)
  2 black bears
  2 phantoms
  15 ogres
  7 centaurs
  2 crocodiles (D:10)
  4 big kobolds
  Blork the orc (D:5)
  5 bullfrogs
  Dowan (D:5)
  A gnoll sergeant (D:9)
  3 scorpions
  4 wights
  2 electric eels (D:8)
  2 crimson imps
  2 bullfrog zombies
  A gnoll shaman (D:9)
  8 hounds
  4 jellies
  2 bullfrog skeletons
  9 orc priests
  2 centaur skeletons
  Ijyb (D:5)
  6 iguanas
  21 orc wizards
  3 worker ants
  A hound skeleton (D:4)
  A worker ant zombie (D:6)
  12 gnolls
  11 adders
  2 adder skeletons
  2 worms
  2 dart slugs
  6 leopard geckos
  66 orcs
  6 bats
  6 giant cockroaches
  5 goblins
  8 hobgoblins
  14 jackals
  19 kobolds
  5 quokkas
  A ball python (D:2)
  7 frilled lizards
  A leopard gecko skeleton (D:4)
  A quokka skeleton (D:5)
  6 rats
  A plant (D:8)
344 creatures vanquished.

Notes
Turn   | Place    | Note
-------+----------+-------------------------------------------
     0 | D:1      | Otrantor the Hill Orc Fighter began the quest for the Orb.
     0 | D:1      | Reached XP level 1. HP: 19/19 MP: 1/1
    46 | D:1      | Reached XP level 2. HP: 22/27 MP: 2/2
   305 | D:1      | Reached XP level 3. HP: 34/34 MP: 3/3
   568 | D:2      | Found a shattered altar of Ashenzari.
   573 | D:2      | Became a worshipper of Ashenzari the Shackled
   847 | D:2      | Reached XP level 4. HP: 31/41 MP: 4/4
  1406 | D:3      | Reached skill level 5 in Axes
  1445 | D:3      | Reached skill level 5 in Fighting
  1445 | D:3      | Reached XP level 5. HP: 47/48 MP: 5/5
  1462 | D:3      | HP: 2/48 [gnoll/+0 spear (3)]
  2470 | D:4      | Reached XP level 6. HP: 49/56 MP: 6/6
  2830 | D:4      | Found a bloodstained altar of Trog.
  2831 | D:4      | Found a sacrificial altar of Ru.
  2834 | D:4      | Found a snail-covered altar of Cheibriados.
  2834 | D:4      | Found a white marble altar of Elyvilon.
  2858 | D:4      | Fell from the grace of Ashenzari
  2858 | D:4      | Became a worshipper of Elyvilon the Healer
  2906 | D:4      | Reached XP level 7. HP: 61/61 MP: 7/7
  3287 | D:5      | Entered Level 5 of the Dungeon
  3291 | D:5      | Noticed Grinder
  3293 | D:5      | Noticed Dowan
  3296 | D:5      | Noticed Duvessa
  3319 | D:5      | Killed Duvessa
  3338 | D:5      | Paralysed by Grinder for 6 turns
  3348 | D:5      | Killed Dowan
  3348 | D:5      | Reached skill level 1 in Dodging
  3349 | D:5      | Killed Grinder
  3349 | D:5      | Was forgiven by Ashenzari
  3349 | D:5      | Reached XP level 8. HP: 11/70 MP: 8/8
  3634 | D:5      | Reached * piety under Elyvilon
  3643 | D:5      | Reached skill level 10 in Axes
  3656 | D:5      | Noticed Blork the orc
  3670 | D:5      | Killed Blork the orc
  4065 | D:5      | Noticed Ijyb
  4080 | D:5      | Killed Ijyb
  4095 | D:5      | Found a runed translucent door.
  4100 | D:5      | Noticed a yak
  4100 | D:5      | Noticed markt42's ghost (novice GrFi)
  4173 | D:5      | Killed a yak
  4221 | D:5      | Killed markt42's ghost
  4221 | D:5      | Reached XP level 9. HP: 8/79 MP: 0/9
  4647 | D:5      | Found a staircase to the Ecumenical Temple.
  4652 | Temple   | Entered the Ecumenical Temple
  4956 | D:6      | Found an iron altar of Okawaru.
  5197 | D:6      | Reached skill level 1 in Invocations
  5395 | D:6      | Found a glowing golden altar of the Shining One.
  5599 | D:7      | Reached ** piety under Elyvilon
  5677 | D:7      | Found a transporter.
  5757 | D:7      | Found a burning altar of Makhleb.
  5892 | D:7      | Found a transporter.
  5943 | D:7      | Noticed Menkaure
  5943 | D:7      | Found a basalt altar of Yredelemnul.
  5943 | D:7      | Found an ancient bone altar of Kikubaaqudgha.
  5954 | D:7      | Killed Menkaure
  6401 | D:7      | Reached skill level 1 in Stealth
  7339 | D:8      | Found a blossoming altar of Fedhas.
  7370 | D:8      | Reached XP level 10. HP: 71/91 MP: 10/10
  7376 | D:8      | Found a shimmering altar of Xom.
  7685 | D:8      | Found an opulent altar of Gozag.
  7787 | D:8      | Noticed Erica
  7803 | D:8      | Killed Erica
  7803 | D:8      | Reached skill level 10 in Fighting
  7908 | D:8      | Found a transporter.
  7929 | D:8      | Found a transporter.
  8187 | D:8      | Found a staircase to the Lair.
  8226 | D:8      | Found a glowing silver altar of Zin.
  8229 | D:8      | Reached skill level 15 in Axes
  8807 | D:9      | Found a shadowy altar of Dithmenos.
  8832 | D:9      | Reached *** piety under Elyvilon
  9711 | D:10     | Entered Level 10 of the Dungeon
  9821 | D:10     | Reached **** piety under Elyvilon
  9881 | D:10     | Reached XP level 11. HP: 102/102 MP: 11/11
 10643 | D:10     | Learned a level 2 spell: Blink
 10714 | D:11     | Noticed a two-headed ogre
 10727 | D:11     | Killed a two-headed ogre
 10761 | D:11     | Found Zeotz's Assorted Antiques.
 10863 | D:11     | Found a burning altar of Makhleb.
 10928 | D:11     | Noticed a two-headed ogre
 10936 | D:11     | Killed a two-headed ogre
 11122 | D:11     | Found a staircase to the Orcish Mines.
 11274 | D:11     | Reached ***** piety under Elyvilon
 11354 | D:11     | Found a portal to a secret trove of treasure.
 11720 | Orc:1    | Entered Level 1 of the Orcish Mines
 11744 | Orc:1    | Noticed an orc high priest
 11764 | Orc:1    | Killed an orc high priest
 11841 | Orc:1    | Reached skill level 15 in Fighting
 11891 | Orc:1    | Reached XP level 12. HP: 48/119 MP: 12/12
 12364 | Orc:2    | Entered Level 2 of the Orcish Mines
 12527 | Orc:2    | Found Ybayshro's Gadget Boutique.
 12528 | Orc:2    | Found Kiomp's Jewellery Shop.
 12528 | Orc:2    | Noticed a two-headed ogre
 12533 | Orc:2    | Noticed a two-headed ogre
 12538 | Orc:2    | Killed a two-headed ogre
 12546 | Orc:2    | HP: 5/122 [troll (10)]
 12546 | Orc:2    | Demolished by a two-headed ogre

Levels and vault maps discovered:
D:1:      matt_arrival_grand_opening, layout_loops_ring
D:2:      layout_loops_ring, overflow_temple_1_default
D:3:      layout_loops_ring
D:4:      layout_basic, chequers_temple_overflow_statue_of_worship
D:5:      layout_rooms, minmay_temple_entry_nine_rooms, first_ration,
          ebering_ghost_inner_flame, uniq_grinder, uniq_duvessa,
          uniq_blork_the_orc, uniq_ijyb
D:6:      layout_loops_ring, nicolae_overflow_crystal_walls,
          lemuel_crystal_altar
D:7:      layout_loops_ring, gammafunk_temple_of_torment,
          overflow_temple_1_default
D:8:      gammafunk_steamed_eel, layout_basic, old_standard_altar,
          marbit_many_paths, fedhas_altar_3, dpeg_oklobed_lair, basic_altar,
          uniq_erica
D:9:      layout_rooms, kennysheep_mini_moat
D:10:     layout_basic
D:11:     layout_long_grid, david_orc_2, serial_shops, shop, enter_trove_6,
          basic_altar
Temple:   corrupted_temple
Orc:1:    layout_caves
Orc:2:    st_orc_open, layout_diamond_mine, serial_shops, shop

Skill      XL: |  1  2  3  4  5  6  7  8  9 10 11 12 |
---------------+-------------------------------------+-----
Fighting       | 4 5 6 7 9 11 15 16 | 16.1
Axes           | 3 4 5 6 8 9 12 14 16 | 16.0
Dodging        | 1 2 |  2.2
Invocations    | 1 |  1.0
Stealth        | 1 2 |  2.6
Armour         | |  3.3
Shields        | |  3.3

Action                   |  1- 3 |  4- 6 |  7- 9 | 10-12 || total
-------------------------+-------+-------+-------+-------++-------
Melee: War axe           |    90 |   159 |    24 |   459 ||   732
       Hand axe          |       |       |   325 |   117 ||   442
Invok: Curse Item        |     3 |       |       |       ||     3
       Lesser Healing    |       |       |    10 |    20 ||    30
       Greater Healing   |       |       |       |     9 ||     9
       Divine Protection |       |       |       |     1 ||     1
  Use: Scroll            |       |     5 |     1 |    11 ||    17
  Eat: Chunk             |       |     7 |    12 |    12 ||    31
       Ration            |       |       |     2 |     4 ||     6
Armor: Scale mail        |    61 |    77 |    57 |       ||   195
       Ring mail         |       |       |    41 |   157 ||   198
Dodge: Dodged            |    30 |    45 |    56 |   108 ||   239
Block: Shield            |    39 |    91 |    37 |       ||   167
       Large shield      |       |       |    99 |   406 ||   505
